 Dungeon Crawl Stone Soup version 0.21.1-1-g345015fe64 (webtiles) character file.

30 Lavandula the Digger (level 3, 0/24 HPs)
             Began as a Barachi Earth Elementalist on June 27, 2018.
             Slain by an iguana (12 damage)
             ... on level 5 of the Dungeon.
             The game lasted 00:03:38 (449 turns).

Lavandula the Digger (Barachi Earth Elementalist)    Turns: 449, Time: 00:03:38

Health: 0/24       AC:  2    Str: 14    XL:     3   Next: 20%
Magic:  3/6        EV: 12    Int: 16    God:
Gold:   72         SH:  0    Dex:  9    Spells: 2/6 levels left

rFire    . . .     SeeInvis .   (no weapon)
rCold    . . .     Gourm    .   (no shield)
rNeg     . . .     Faith    .   c - +0 robe
rPois    .         Spirit   .   (no helmet)
rElec    .         Reflect  .   (no cloak)
rCorr    .         Harm     .   (no gloves)
MR       .....                  (no boots)
Stlth    ++........             (no amulet)
HPRegen  0.08/turn              h - -3 ring of dexterity (curse)
MPRegen  0.10/turn              (no ring)

@: mighty, can't hop, very slightly contaminated, slow
A: +LOS, swims, slowness 1, strong legs 1
a: Hop


You were on level 5 of the Dungeon.
You were not hungry.

You visited 1 branch of the dungeon, and saw 5 of its levels.

You collected 72 gold pieces.

Inventory:

Missiles
 b - 8 stones (quivered)
Armour
 c - a +0 robe (worn)
Jewellery
 h - a cursed -3 ring of dexterity (left hand)
Potions
 g - a potion of haste {unknown}
Books
 e - a book of Geomancy

   Spells                             Type                      Level
   a - Sandblast                      Earth                        1
   b - Passwall                       Transmutation/Earth          2
   c - Stone Arrow                    Conjuration/Earth            3
   d - Petrify                        Transmutation/Earth          4
   e - Lee's Rapid Deconstruction     Earth                        5
Comestibles
 d - 2 rations


   Skills:
 - Level 2.1 Dodging
 - Level 1.7 Stealth
 + Level 2.2 Spellcasting
   Level 1.1 Transmutations
 - Level 4.2 Earth Magic


You had 2 spell levels left.
You knew the following spells:

 Your Spells              Type           Power        Failure   Level  Hunger
a - Sandblast             Erth           ###...       3%          1    #......
b - Stone Arrow           Conj/Erth      #.....       26%         3    ###....


Dungeon Overview and Level Annotations

Branches:
Dungeon (5/15)
 Temple: D:4-7

Altars:
Elyvilon
Qazlal
Sif Muna
Trog
Vehumet
Wu Jian
Yredelemnul
The Shining One

Annotations:
D:3 Thargor's ghost, amateur MiFi


Innate Abilities, Weirdness & Mutations

Shadows flee at your approach. (+LOS)
You can swim through water.
You cover ground slowly.
You can hop short distances.


Message History

You aren't carrying any items that you can evoke.
Unknown command.
Okay, then.
Casting: Sandblast
Confirm with . or Enter, or press ? or * to list all spells.
Aiming: Sandblast
Press: ? - help, Shift-Dir - straight line, f - ogre
Aim: an ogre, wielding a giant club You miscast Sandblast.
You are very lightly contaminated with residual magic.
You hear a distant rumble.
The iguana bites you!
Ouch! That really hurt!
The jelly hits you but does no damage.
Unknown command.
It was a potion of might.
You feel very mighty all of a sudden. The iguana bites you!
Ouch! That really hurt!
You die...

#########
#ยง...>..#
#..l....#
#..J@...#
#..O....#
#.......#
#.......#
#$......#
#.......#
....(....
.#.........
.###########.


You could see an ogre, an iguana and a jelly.

Vanquished Creatures
  2 adders (D:3)
  An orc (D:3)
  A ball python (D:4)
  A bat (D:3)
  A goblin (D:3)
  A quokka (D:3)
  2 frilled lizards
  2 kobolds
  2 rats
13 creatures vanquished.

Notes
Turn   | Place    | Note
-------+----------+-------------------------------------------
     0 | D:1      | Lavandula the Barachi Earth Elementalist began the quest for the Orb.
     0 | D:1      | Reached XP level 1. HP: 13/13 MP: 3/3
    46 | D:3      | Reached XP level 2. HP: 19/19 MP: 1/5
   144 | D:3      | Found a white marble altar of Elyvilon.
   144 | D:3      | Found a basalt altar of Yredelemnul.
   145 | D:3      | Found a radiant altar of Vehumet.
   160 | D:3      | Found a deep blue altar of Sif Muna.
   162 | D:3      | Found a glowing golden altar of the Shining One.
   162 | D:3      | Found a bloodstained altar of Trog.
   163 | D:3      | Found a stormy altar of Qazlal.
   176 | D:3      | Reached skill level 4 in Earth Magic
   176 | D:3      | Reached XP level 3. HP: 19/24 MP: 0/6
   259 | D:3      | Learned a level 3 spell: Stone Arrow
   319 | D:3      | Found an ornate altar of the Wu Jian Council.
   338 | D:3      | Noticed Thargor's ghost (amateur MiFi)
   439 | D:5      | Entered Level 5 of the Dungeon
   442 | D:5      | Noticed an ogre
   449 | D:5      | Slain by an iguana

Skill      XL: |  1  2 |
---------------+-------+-----
Earth Magic    | 4 |  4.2
Dodging        | |  2.1
Stealth        | |  1.7
Spellcasting   | |  2.2
Transmutations | |  1.1

Action                   || total
-------------------------++-------
Melee: Unarmed           ||    21
 Cast: Sandblast         ||    23
 Abil: Hop               ||     1
  Use: Scroll            ||     1
       Potion            ||     1
Armor: Robe              ||    17
Dodge: Dodged            ||    45
